 Dungeon Crawl Stone Soup version 0.21.1-1-g345015f (webtiles) character file.

17092 Fang the Cleaver (level 12, -29/115 HPs)
             Began as a Gargoyle Berserker on May 21, 2018.
             Was a High Priest of Trog.
             Killed from afar by an ice dragon (31 damage)
             ... with a blast of cold
             ... on level 2 of the Lair of Beasts.
             The game lasted 00:21:42 (13797 turns).

Fang the Cleaver (Gargoyle Berserker)              Turns: 13797, Time: 00:21:43

Health: -29/115    AC: 18    Str: 30    XL:     12   Next: 44%
Magic:  10/10      EV: 16    Int:  9    God:    Trog [*****.]
Gold:   695        SH:  0    Dex:  9    Spells: 11/11 levels left

rFire    . . .     SeeInvis .   r - +2 hand axe (freeze)
rCold    . . .     Gourm    +   (no shield)
rNeg     + . .     Faith    .   C - +1 troll leather armour {Purgy}
rPois    ∞         Spirit   .   (no helmet)
rElec    +         Reflect  .   (no cloak)
rCorr    .         Harm     .   t - +2 pair of gloves
MR       .....                  (no boots)
Stlth    ..........             o - amulet of the gourmand
HPRegen  0.69/turn              j - ring of flight
MPRegen  0.12/turn              F - +1 ring of evasion

@: berserking, slowed
A: claws 1, low mp 1, negative energy resistance 1, electricity resistance,
unbreathing, petrification resistance, rot immunity, AC +8
a: Berserk, Trog's Hand, Brothers in Arms, Burn Spellbooks, Renounce Religion,
Evoke Flight


You were on level 2 of the Lair of Beasts.
You worshipped Trog.
Trog was extremely pleased with you.
You were not hungry.

You visited 2 branches of the dungeon, and saw 14 of its levels.
You also visited: Sewer.

You collected 695 gold pieces.

Inventory:

Hand Weapons
 r - a +2 hand axe of freezing (weapon)
 D - a +4 battleaxe
Missiles
 g - 4 needles of frenzy
Armour
 t - a +2 pair of gloves (worn)
 C - a +1 troll leather armour (worn) {Purgy}
Jewellery
 j - a ring of flight (left hand)
 o - an amulet of the gourmand (around neck)
 q - an uncursed ring of protection from cold
 w - an uncursed ring of magical power
 F - a +1 ring of evasion (right hand)
 I - an uncursed ring of protection from cold
 K - an uncursed ring of protection from cold
Wands
 a - a wand of disintegration (9)
 k - a wand of flame (34)
 s - a wand of digging (16)
 v - a wand of enslavement (21)
 y - a wand of paralysis (5)
 A - a wand of clouds (4)
 J - a wand of acid (8)
Scrolls
 d - 4 scrolls of identify
 f - 3 scrolls of remove curse
 l - 2 scrolls of teleportation
 n - 2 scrolls of blinking
 p - 7 scrolls of magic mapping
 G - a scroll of holy word
 L - a scroll of enchant armour
Potions
 b - 4 potions of agility
 e - a potion of ambrosia
 h - 2 potions of might
 i - 2 potions of haste
 m - 2 potions of curing
 u - 2 potions of heal wounds
 x - a potion of brilliance
 z - a potion of flight
 B - 3 potions of lignification
 E - a potion of berserk rage
 H - a potion of invisibility
Comestibles
 c - 27 rations


   Skills:
 + Level 10.2 Fighting
 + Level 12.4 Axes
 + Level 5.3 Armour
 + Level 8.1 Dodging
 + Level 7.4 Stealth


You had 11 spell levels left.
You didn't know any spells.

Dungeon Overview and Level Annotations

Branches:
Dungeon (12/15)            Temple (0/1) D:7            Lair (2/6) D:11
    Orc (0/2) D:11
  Swamp: Lair:2-4    Shoals: Lair:2-4     Snake: Lair:2-4    Spider: Lair:2-4

Altars:
Ashenzari
Cheibriados
Dithmenos
Elyvilon
Fedhas
Gozag
Kikubaaqudgha
Ru
Sif Muna
Uskayaw
Vehumet
Wu Jian
Xom
Yredelemnul
Zin
The Shining One


Innate Abilities, Weirdness & Mutations

You are resistant to torment.
Your stone body is resilient. (AC +8)
You are immune to poison.
You resist negative energy. (rN+)
You are resistant to electric shocks. (rElec)
You can survive without breathing.
You are immune to petrification.
You are immune to rotting.
You have sharp fingernails.
Your magical capacity is low. (-10% MP)


Message History

You slash the ice dragon!
The ice dragon is heavily wounded.
You slash the ice beast! You slash the torpor snail!
You freeze the torpor snail. You hit the ice beast.
You barely miss the ice beast. The ice beast barely misses you.
The ice beast misses you. The ice beast closely misses you.
The torpor snail barely misses you.
A water moccasin comes into view.
The water moccasin hisses angrily.
You slash the ice dragon!
The ice dragon is severely wounded.
You slash the ice beast!
You feel the power of Trog in you as your rage grows.
You kill the ice beast!
Trog accepts your kill.
You hit the torpor snail. You freeze the torpor snail.
You closely miss the ice beast. You slash the ice beast!
The ice dragon breathes frost at you. The blast of cold hits you!
You die...

##..... #.#### ##P....##
.P#.# ##P.....# ...#
##P.....# ..## ........#
##..### . ........#
#..##P## ... ........#
#....Y.#P..##
........####...$@wh....#
###..#.........YD......#
.##..#.##P..⌠.≈≈≈.......
.......###P..≈≈≈≈.....Y.
.....).# ##.≈≈≈≈.Y≈≈≈..≈
.†....## #P≈≈≈.≈≈≈≈≈≈≈≈
......# ##≈≈..S≈≈≈≈≈≈≈
......# #..≈.≈≈≈≈≈≈≈≈
......# #..≈≈≈≈≈≈≈≈


You could see an ice dragon, a torpor snail, a polar bear, a water moccasin and
4 ice beasts.

Vanquished Creatures
  2 two-headed ogres
  The ghost of DudePakas the Protected, a journeyman GrFi of Nemelex Xobeh (D:9)
  A tengu warrior (D:9)
  Pikel (D:4)
  A deep elf mage (D:7)
  2 ugly things (D:11)
  A cyclops (D:12)
  A manticore (D:11)
  2 black mambas
  3 spiny frogs
  A rime drake (Lair:1)
  An efreet (D:12)
  3 komodo dragons
  2 trolls
  Prince Ribbit (D:9)
  2 hippogriffs
  3 dream sheep (Lair:2)
  A vampire (D:11)
  A wraith (D:10)
  The ghost of frimble the Skirmisher, an amateur HOFi (D:4)
  4 water elementals (D:10)
  3 wyverns
  A shadow (D:11)
  2 basilisks (D:11)
  2 hungry ghosts
  An acid dragon (D:11)
  2 water moccasins (Lair:1)
  Purgy (Sewer)
  3 porcupines
  A black bear (D:11)
  2 orc warriors
  5 phantoms
  7 ice beasts
  4 ogres
  3 wolves (Lair:1)
  6 centaurs
  2 crocodiles
  2 big kobolds
  5 bullfrogs
  4 scorpions
  4 wights (D:10)
  A howler monkey (D:6)
  A bullfrog zombie (D:6)
  4 crimson imps
  10 orc priests
  3 hounds
  4 jellies
  Jessica (D:2)
  A bullfrog skeleton (D:10)
  3 iguanas
  Natasha (thrice) (D:2)
  11 orc wizards
  4 worker ants
  2 hound zombies
  A hound skeleton (D:9)
  A mummy (D:4)
  A worker ant zombie (D:9)
  3 gnolls (D:7)
  20 adders
  3 river rats (D:5)
  4 shadow imps
  2 white imps (Lair:2)
  2 oozes (D:7)
  3 adder skeletons
  2 worms
  3 dart slugs
  5 leopard geckos
  43 orcs
  6 giant cockroaches
  6 hobgoblins
  6 jackals
  6 quokkas
  3 ball pythons
  3 bats
  2 frilled lizards
  7 goblins
  A jackal skeleton (D:6)
  16 kobolds
  10 rats
302 creatures vanquished.

Vanquished Creatures (others)
  A jackal skeleton (D:4)
1 creature vanquished.

Grand Total: 303 creatures vanquished

Notes
Turn   | Place    | Note
-------+----------+-------------------------------------------
     0 | D:1      | Fang the Gargoyle Berserker began the quest for the Orb.
     0 | D:1      | Reached XP level 1. HP: 14/14 MP: 1/1
   898 | D:2      | Reached skill level 3 in Axes
   898 | D:2      | Reached XP level 2. HP: 13/19 MP: 2/2
  1013 | D:2      | Noticed Natasha
  1018 | D:2      | Killed Natasha
  1018 | D:2      | Reached XP level 3. HP: 12/24 MP: 3/3
  1360 | D:2      | Noticed Jessica
  1372 | D:2      | Killed Jessica
  1372 | D:2      | Reached XP level 4. HP: 19/29 MP: 4/4
  1550 | D:2      | Reached skill level 1 in Stealth
  1868 | D:2      | Noticed Natasha
  1871 | D:2      | Reached ** piety under Trog
  1879 | D:2      | Killed Natasha
  1879 | D:2      | Reached skill level 4 in Axes
  1879 | D:2      | Reached XP level 5. HP: 24/33 MP: 5/5
  2079 | D:2      | Noticed Natasha
  2084 | D:2      | Killed Natasha
  2597 | D:3      | Reached XP level 6. HP: 26/39 MP: 6/6
  2603 | D:3      | Reached *** piety under Trog
  2781 | D:4      | Noticed frimble's ghost (amateur HOFi)
  2799 | D:4      | Killed frimble's ghost
  2799 | D:4      | Reached skill level 5 in Axes
  2935 | D:4      | Found a basalt altar of Yredelemnul.
  2935 | D:4      | Noticed Pikel
  2935 | D:4      | Noticed a slave
  2935 | D:4      | Noticed a slave
  2936 | D:4      | Noticed a slave
  2939 | D:4      | Noticed a slave
  2943 | D:4      | Killed Pikel
  2943 | D:4      | Reached skill level 5 in Fighting
  2943 | D:4      | Reached skill level 6 in Axes
  2943 | D:4      | Reached XP level 7. HP: 44/44 MP: 7/7
  2971 | D:4      | Found a hide-covered altar of Uskayaw.
  2987 | D:4      | Reached XP level 8. HP: 49/50 MP: 8/8
  3358 | D:4      | Found a shattered altar of Ashenzari.
  3358 | D:4      | Found a white marble altar of Elyvilon.
  3395 | D:4      | Reached skill level 7 in Axes
  3593 | D:4      | Found a snail-covered altar of Cheibriados.
  3740 | D:4      | Found an ancient bone altar of Kikubaaqudgha.
  3740 | D:4      | Found a blossoming altar of Fedhas.
  4063 | D:5      | Entered Level 5 of the Dungeon
  4252 | D:5      | Found a glowing drain.
  4260 | Sewer    | Entered a sewer
  4351 | Sewer    | Noticed Purgy
  4365 | Sewer    | Killed Purgy
  5312 | D:5      | Reached XP level 9. HP: 56/56 MP: 9/9
  5696 | D:6      | Reached skill level 8 in Axes
  5748 | D:6      | Reached **** piety under Trog
  5868 | D:6      | Identified a scroll of acquirement
  6163 | D:6      | Found a radiant altar of Vehumet.
  6260 | D:6      | Found a shadowy altar of Dithmenos.
  6386 | D:6      | Found a deep blue altar of Sif Muna.
  6497 | D:7      | Found a staircase to the Ecumenical Temple.
  6558 | D:7      | Found a shimmering altar of Xom.
  6663 | D:7      | Found an opulent altar of Gozag.
  6895 | D:7      | Reached ***** piety under Trog
  7336 | D:7      | Found a glowing golden altar of the Shining One.
  7466 | D:7      | Noticed a deep elf mage
  7483 | D:7      | Gained mutation: Your magical capacity is low. (-10% MP) [potion of mutation]
  7483 | D:7      | Gained mutation: You have sharp fingernails. [potion of mutation]
  7490 | D:7      | Killed a deep elf mage
  7490 | D:7      | Reached skill level 9 in Axes
  7490 | D:7      | Reached skill level 5 in Dodging
  7752 | D:8      | Found a blossoming altar of Fedhas.
  7805 | D:8      | Reached XP level 10. HP: 45/63 MP: 9/9
  8011 | D:8      | Received a gift from Trog
  8024 | D:8      | Reached skill level 5 in Stealth
  8816 | D:9      | Noticed DudePakas's ghost (journeyman GrFi)
  8844 | D:9      | Killed DudePakas's ghost
  9067 | D:9      | Found a sacrificial altar of Ru.
  9078 | D:9      | Reached skill level 10 in Axes
  9121 | D:9      | Noticed Prince Ribbit
  9127 | D:9      | Killed Prince Ribbit
  9223 | D:9      | Found an ornate altar of the Wu Jian Council.
  9275 | D:9      | Noticed a tengu warrior
  9296 | D:9      | Killed a tengu warrior
  9954 | D:10     | Entered Level 10 of the Dungeon
 10075 | D:10     | Received a gift from Trog
 10098 | D:10     | Reached XP level 11. HP: 35/68 MP: 9/9
 10478 | D:10     | Reached skill level 11 in Axes
 10548 | D:10     | Got a translucent falchion
 10549 | D:10     | Identified the cursed +1 falchion "Zinourch" {venom, rN+} (You found it on level 10 of the Dungeon)
 10566 | D:10     | Noticed a two-headed ogre
 10581 | D:10     | Killed a two-headed ogre
 11292 | D:11     | Found a staircase to the Orcish Mines.
 11294 | D:11     | Noticed a two-headed ogre
 11345 | D:11     | Killed a two-headed ogre
 11415 | D:11     | Noticed a brown ugly thing
 11435 | D:11     | Killed a brown ugly thing
 11540 | D:11     | Found a glowing silver altar of Zin.
 11659 | D:11     | Noticed a manticore
 11693 | D:11     | Noticed a purple ugly thing
 11702 | D:11     | Killed a purple ugly thing
 11702 | D:11     | Reached skill level 5 in Armour
 11830 | D:11     | Killed a manticore
 12251 | D:11     | HP: 1/71 [komodo dragon (11)]
 12350 | D:11     | Found a staircase to the Lair.
 12564 | D:12     | Reached skill level 12 in Axes
 12613 | D:12     | Noticed a cyclops
 12635 | D:12     | Reached XP level 12. HP: 36/76 MP: 10/10
 12767 | Lair:1   | Entered Level 1 of the Lair of Beasts
 13643 | Lair:2   | Reached skill level 10 in Fighting
 13776 | Lair:2   | Noticed an ice dragon
 13795 | Lair:2   | HP: 1/115 [ice dragon (5)]
 13797 | Lair:2   | Killed from afar by an ice dragon

Skill      XL: |  1  2  3  4  5  6  7  8  9 10 11 12 |
---------------+-------------------------------------+-----
Axes           | 3 4 6 7 9 10 12 | 12.4
Fighting       | 4 5 6 7 8 9 10 | 10.2
Stealth        | 1 2 3 4 6 7 |  7.4
Dodging        | 2 3 4 5 6 7 8 |  8.1
Armour         | 3 4 5 |  5.3

Action                   |  1- 3 |  4- 6 |  7- 9 | 10-12 || total
-------------------------+-------+-------+-------+-------++-------
Melee: Hand axe          |    42 |   188 |   512 |   663 ||  1405
Invok: Berserk           |     1 |     4 |     4 |    16 ||    25
       Burn Spellbooks   |       |     1 |       |     1 ||     2
  Use: Scroll            |       |       |    13 |     8 ||    21
       Potion            |       |       |    11 |     6 ||    17
 Stab: Sleeping          |     1 |       |    12 |    10 ||    23
       Paralysed         |       |       |       |     1 ||     1
  Eat: Ration            |     1 |     1 |       |     2 ||     4
       Chunk             |       |     5 |    21 |    41 ||    67
Armor: Animal skin       |     7 |    65 |    68 |       ||   140
       Troll leather arm |       |       |   101 |   243 ||   344
Dodge: Dodged            |    23 |   131 |   291 |   424 ||   869
